 Dungeon Crawl Stone Soup version 0.31.0-12-g77e489cdc1 (webtiles) character file.

Game seed: 3078263283461625379

12128 Silvore the Basher (level 11, -1/99 HPs)
             Began as a Minotaur Fighter on Feb 23, 2024.
             Was a Believer of the Shining One.
             Slain by a dire elephant simulacrum (23 damage)
             ... in an ice cave.
             The game lasted 00:17:59 (11096 turns).

Silvore the Basher (Minotaur Fighter)              Turns: 11096, Time: 00:18:00

Health: -1/99      AC: 18    Str: 25    XL:     11   Next: 58%
Magic:  7/10       EV: 10    Int:  5    God:    the Shining One [**....]
Gold:   54         SH: 13    Dex: 10    Spells: 10/10 levels left

rFire   . . .        H - +1 mace (holy)
rCold   . . .        c - +1 buckler
rNeg    + . .        v - +0 chain mail
rPois   +            (helmet restricted)
rElec   .            q - +2 cloak
rCorr   .            o - +0 pair of gloves
SInv    .            G - +0 pair of boots
Will    .....        (no amulet) Stlth
                     f - ring of flight
HPRegen 0.36/turn    B - ring of poison resistance
MPRegen 0.12/turn

%: no passive effects
@: divinely shielded, flying, slowed, glowing, very slow
A: horns 2, retaliatory headbutt
a: Renounce Religion, Divine Shield


You were in an ice cave.
You worshipped the Shining One.
The Shining One was pleased with you.
You visited 2 branches of the dungeon, and saw 12 of its levels.
You visited 1 bazaar.
You also visited: Sewer and Ice Cave.

You collected 510 gold pieces.
You spent 270 gold pieces at shops.
You donated 186 gold pieces to Zin.

Inventory:

Hand Weapons
 a - a +1 flail of venom
 H - a +1 mace of holy wrath (weapon)
Missiles
 x - 3 throwing nets (quivered)
 L - 3 large rocks
Armour
 b - a +0 scale mail
 c - a +1 buckler (worn)
 e - a +2 cloak
 o - a +0 pair of gloves (worn)
 q - a +2 cloak (worn)
 t - the +4 robe of Augmentation {Str+4 Int+4 Dex+4}
   (You found it on level 5 of the Dungeon)

   Str+4:     It affects your strength (+4).
   Int+4:     It affects your intelligence (+4).
   Dex+4:     It affects your dexterity (+4).
 v - a +0 chain mail (worn)
 C - +0 steam dragon scales
 G - a +0 pair of boots (worn)
Jewellery
 f - a ring of flight (left hand)
 B - a ring of poison resistance (right hand)
Wands
 d - a wand of polymorph (11)
 k - a wand of flame (4)
 p - a wand of roots (11)
 r - a wand of digging (2)
 w - a wand of mindburst (5)
 E - a wand of charming (3)
Scrolls
 i - 2 scrolls of poison
 l - 3 scrolls of fog
 s - 3 scrolls of teleportation
 y - a scroll of blinking
 K - 3 scrolls of enchant weapon
Potions
 g - 3 potions of ambrosia
 h - 6 potions of curing
 j - 2 potions of brilliance
 m - 2 potions of magic {unknown}
 n - 2 potions of degeneration {unknown}
 u - 2 potions of attraction {unknown}
 z - 3 potions of lignification
 A - a potion of enlightenment {unknown}
 D - a potion of cancellation {unknown}
 F - a potion of mutation {unknown}
 I - 4 potions of heal wounds
 J - a potion of invisibility {unknown}


   Skills:
 + Level 10.0 Fighting
 + Level 14.0 Maces & Flails
 + Level 10.5 Armour
 + Level 5.6 Dodging
 + Level 1.5 Stealth
 + Level 9.3 Shields
 + Level 1.0 Invocations


You had 10 spell levels left.
You didn't know any spells.
Your spell library contained the following spells:

 Spells                   Type           Power      Damage    Failure   Level
 Shock                    Conj/Air       0%         1d3       94%         1
 Slow                     Hex            0%         N/A       94%         1
 Ensorcelled Hibernation  Hex/Ice        0%         N/A       98%         2
 Lesser Beckoning         Tloc           0%         N/A       98%         2
 Confusing Touch          Hex            0%         N/A       100%        3
 Fugue of the Fallen      Necr           0%         N/A       100%        3
 Gell's Gravitas          Tloc           0%         N/A       100%        3
 Sigil of Binding         Hex            0%         N/A       100%        3
 Swiftness                Air            0%         N/A       100%        3
 Teleport Other           Tloc           0%         N/A       100%        3
 Vampiric Draining        Necr           0%         2d6       100%        3
 Volatile Blastmotes      Fire/Tloc      0%         2d10      100%        3
 Airstrike                Air            0%         2d(0-16)  100%        4
 Anguish                  Hex/Necr       0%         N/A       100%        4
 Fulminant Prism          Conj/Alch      0%         3d5       100%        4
 Ignite Poison            Fire/Alch      0%         N/A       100%        4
 Iskenderun's Mystic Bla  Conj/Tloc      0%         2d3       100%        4
 Sticky Flame             Fire/Alch      0%         2d4       100%        4
 Ignition                 Fire           0%         3d3       100%        8


Dungeon Overview and Level Annotations

Branches:
Dungeon (11/15)            Temple (1/1) D:6            Lair (0/5) D:9
    Orc (0/2) D:11          Sewer (visited)           IceCv (1/1)

Altars:
Ashenzari
Cheibriados
Dithmenos
Elyvilon
Fedhas
Gozag
Hepliaklqana
Kikubaaqudgha
Makhleb
Nemelex Xobeh
Okawaru
Qazlal
Ru
Sif Muna
Trog
Uskayaw
Vehumet
Wu Jian
Xom
Yredelemnul
Zin
The Shining One

Shops:
D:4 *   D:6 =   D:8 ?

Annotations:
D:11 1 runed translucent door, Cheops's ghost, journeyman OpSh IceCv exclusion: 3 ice statues


Innate Abilities, Weirdness & Mutations

You have a pair of horns on your head.
You reflexively headbutt those who attack you in melee.


Message History

You block the dire elephant simulacrum's attack.
Your Fighting skill increases to level 10!
You hit the freezing wraith but do no damage.
You headbutt the freezing wraith, but do no damage.
The freezing wraith barely misses you. The freezing wraith hits you.
The freezing wraith drains your vigour!
You feel yourself slow down.
You hit the freezing wraith but do no damage.
You headbutt the freezing wraith!
The freezing wraith is lightly damaged.
The dire elephant simulacrum barely misses you.
The dire elephant simulacrum trunk-slaps you.
The dire elephant simulacrum freezes you!!
The freezing wraith misses you. You furiously retaliate!
You headbutt the freezing wraith! The freezing wraith closely misses you.
The ice statue gestures.
You feel much better.
The dire elephant simulacrum tramples you but does no damage.
The dire elephant simulacrum trunk-slaps you.
The dire elephant simulacrum freezes you!!
* * * LOW HITPOINT WARNING * * *
The ice statue gestures.
The freezing wraith barely misses you.
The freezing wraith hits you but does no damage.
Okay, then.
Okay, then.
Your shield is strengthened by the Shining One's divine power.
You can no longer channel blasts of cleansing flame.
You block the freezing wraith's attack.
The freezing wraith hits you but does no damage.
You block the dire elephant simulacrum's attack.
The dire elephant simulacrum trunk-slaps you but does no damage.
The freezing wraith hits you but does no damage. x2
The ice statue gestures at you.
You barely miss the freezing wraith.
The freezing wraith is moderately damaged.
You block the dire elephant simulacrum's attack.
The dire elephant simulacrum trunk-slaps you.
* * * LOW HITPOINT WARNING * * *
The dire elephant simulacrum freezes you!!
You die...

######## #######
.#.....## ##..[$=#
.#......###.....?#
.#.......#...○§Z.#
.........8...☼○W@#
.#.......#...☼☼☼.#
(#......###.....☼#
[#8...8## ##..)/)#
######## #######


You could see an ice statue, a freezing wraith and a dire elephant simulacrum.

Vanquished Creatures
  4 two-headed ogres
  The ghost of snetch the Covered, a novice MiBe of Trog (D:8)
  A cyclops (D:11)
  A manticore (D:11)
  An ugly thing (IceCv)
  Jeremiah (D:9)
  3 trolls
  Prince Ribbit (D:6)
  A hornet (D:8)
  A dire elephant simulacrum (IceCv)
  3 wyverns
  3 steam dragons
  3 vampire mosquitoes (D:9)
  2 acid dragons (D:10)
  3 water moccasins
  An ice beast (D:7)
  A black bear (D:4)
  3 orc warriors
  The ghost of spaghetti the Shooter, an amateur NaHu of Uskayaw (D:3)
  An ogre (D:5)
  4 centaurs
  4 wolves (D:9)
  2 phantoms
  5 kobold brigands
  A bullfrog (D:6)
  2 gnoll sergeants
  2 cane toad simulacra (IceCv)
  A scorpion (D:5)
  7 wights (D:10)
  A burial acolyte (D:5)
  13 killer bees
  3 electric eels (D:9)
  8 howler monkeys
  A bombardier beetle (D:3)
  A centaur zombie (D:8)
  2 jellies
  7 orc priests
  5 hounds
  Jessica (D:3)
  Terence (D:2)
  6 iguanas
  7 orc wizards
  2 polar bear simulacra (IceCv)
  Natasha (D:2)
  A hell rat (Sewer)
  2 wolf simulacra (IceCv)
  A hound zombie (D:5)
  A mummy (D:7)
  A howler monkey zombie (D:8)
  4 gnolls
  5 river rats
  10 adders
  2 shadow imps (D:5)
  3 white imps
  4 ufetubi
  2 adder zombies (D:5)
  8 ribbon worms
  3 dart slugs
  26 orcs
  10 endoplasms
  4 giant cockroaches
  3 gnoll zombies (D:5)
  5 goblins
  5 hobgoblins
  6 jackals
  5 quokkas
  8 ball pythons
  5 bats
  4 frilled lizards
  35 kobolds
  A kobold zombie (D:5)
  15 rats
302 creatures vanquished.

Vanquished Creatures (others)
  An orc (D:9)
1 creature vanquished.

Grand Total: 303 creatures vanquished

Notes
Turn   | Place    | Note
-------+----------+-------------------------------------------
     0 | D:1      | Silvore the Minotaur Fighter began the quest for the Orb.
     0 | D:1      | Reached XP level 1. HP: 19/19 MP: 0/0
    33 | D:1      | Found a faded altar of an unknown god.
    97 | D:1      | Reached XP level 2. HP: 27/27 MP: 1/1
   316 | D:1      | Reached XP level 3. HP: 30/33 MP: 2/2
   396 | D:1      | Reached skill level 3 in Maces & Flails
   965 | D:2      | Noticed Terence
   976 | D:2      | Killed Terence
   977 | D:2      | Reached XP level 4. HP: 5/41 MP: 3/3
  1326 | D:2      | Noticed Natasha
  1337 | D:2      | Killed Natasha
  1338 | D:2      | Reached skill level 1 in Dodging
  1536 | D:3      | Reached skill level 4 in Maces & Flails
  1536 | D:3      | Reached XP level 5. HP: 41/47 MP: 4/4
  1600 | D:3      | Noticed a phantom
  1620 | D:3      | Killed a phantom
  1669 | D:3      | Identified the +1 robe "Bupiruma" {*Slow rPois Int+3 Dex+3}
  1672 | D:3      | Noticed Jessica
  1679 | D:3      | Killed Jessica
  1680 | D:3      | Reached XP level 6. HP: 53/53 MP: 5/5
  1691 | D:3      | Found a runed translucent gate.
  1693 | D:3      | Found a runed translucent gate.
  1694 | D:3      | Found a runed translucent gate.
  1697 | D:3      | Noticed spaghetti's ghost (amateur NaHu)
  1709 | D:3      | Reached skill level 5 in Maces & Flails
  2083 | D:3      | Killed spaghetti's ghost
  2090 | D:3      | Reached skill level 5 in Fighting
  2090 | D:3      | Reached skill level 5 in Armour
  2130 | D:4      | Reached XP level 7. HP: 61/61 MP: 6/6
  2180 | D:4      | Found Docrap's Assorted Antiques.
  2430 | D:4      | Reached skill level 6 in Maces & Flails
  2677 | D:4      | Reached skill level 5 in Shields
  2760 | D:5      | Entered Level 5 of the Dungeon
  2785 | D:5      | Reached skill level 7 in Maces & Flails
  3301 | D:5      | Found the +4 robe of Augmentation {Str+4 Int+4 Dex+4}
  3377 | D:5      | Found an ancient bone altar of Kikubaaqudgha.
  3391 | D:5      | Reached XP level 8. HP: 67/69 MP: 7/7
  3852 | D:5      | Found a stormy altar of Qazlal.
  3913 | D:6      | Found a staircase to the Ecumenical Temple.
  3921 | Temple   | Entered the Ecumenical Temple
  3945 | Temple   | Became a worshipper of Zin the Law-Giver
  3945 | Temple   | Reached * piety under Zin
  3987 | D:6      | Reached skill level 8 in Maces & Flails
  4084 | D:6      | Found Gomom's Jewellery Shoppe.
  4300 | D:6      | Noticed Prince Ribbit
  4307 | D:6      | Killed Prince Ribbit
  4308 | D:6      | Reached skill level 9 in Maces & Flails
  4369 | D:6      | Found a glowing drain.
  4378 | Sewer    | Entered a sewer
  4694 | D:6      | Reached XP level 9. HP: 60/75 MP: 8/8
  4852 | D:7      | Reached ** piety under Zin
  5149 | D:7      | Reached skill level 10 in Maces & Flails
  5662 | D:7      | You are sucked into a shaft and drop 1 floor!
  5785 | D:8      | Found Fomibbom's Magic Scroll Boutique.
  5814 | D:8      | Noticed a two-headed ogre
  5826 | D:8      | Killed a two-headed ogre
  5827 | D:8      | Reached skill level 11 in Maces & Flails
  5957 | D:8      | Found a runed translucent gate.
  5957 | D:8      | Found a runed translucent gate.
  5957 | D:8      | Found a runed translucent gate.
  5957 | D:8      | Noticed snetch's ghost (novice MiBe)
  5959 | D:8      | Found a basalt altar of Yredelemnul.
  5978 | D:8      | Killed snetch's ghost
  5979 | D:8      | Reached XP level 10. HP: 74/88 MP: 9/9
  6077 | D:8      | Donated 147 gold pieces to Zin
  6084 | D:8      | Reached *** piety under Zin
  6549 | D:7      | Reached skill level 12 in Maces & Flails
  7159 | D:9      | Noticed a two-headed ogre
  7167 | D:9      | Killed a two-headed ogre
  7168 | D:9      | Reached skill level 1 in Stealth
  7193 | D:9      | Found a staircase to the Lair.
  7379 | D:9      | Zin protects you from harm!
  7457 | D:9      | Reached skill level 13 in Maces & Flails
  8549 | D:9      | Reached skill level 1 in Invocations
  8747 | D:9      | Noticed Jeremiah
  8786 | D:9      | Killed Jeremiah
  9015 | D:9      | Found a sacrificial altar of Ru.
  9132 | D:9      | Found a glowing golden altar of the Shining One.
  9132 | D:9      | Found a shimmering altar of Xom.
  9136 | D:9      | Fell from the grace of Zin
  9136 | D:9      | Became a worshipper of the Shining One
  9136 | D:9      | Reached * piety under the Shining One
  9231 | D:9      | Reached XP level 11. HP: 96/97 MP: 10/10
  9234 | D:9      | Reached skill level 5 in Dodging
  9433 | D:10     | Entered Level 10 of the Dungeon
  9440 | D:10     | Reached ** piety under the Shining One
  9530 | D:10     | Noticed a two-headed ogre
  9542 | D:10     | Killed a two-headed ogre
  9746 | D:10     | Found a snail-covered altar of Cheibriados.
  9877 | D:10     | Noticed a two-headed ogre
  9899 | D:10     | Killed a two-headed ogre
  9900 | D:10     | Reached skill level 10 in Armour
 10439 | D:11     | Found a runed translucent door.
 10439 | D:11     | Noticed Cheops's ghost (journeyman OpSh)
 10464 | D:11     | Found a flickering gateway to a bazaar.
 10473 | Bazaar   | Entered a bazaar
 10477 | Bazaar   | Found Apre Ver's Assorted Antiques.
 10493 | Bazaar   | Found Jimac's Antique Armour Emporium.
 10516 | Bazaar   | Found Ytoirchey's Distillery.
 10533 | Bazaar   | Found Epoed's Antique Armour Shoppe.
 10576 | Bazaar   | Bought a potion of heal wounds for 75 gold pieces
 10576 | Bazaar   | Bought a potion of curing for 45 gold pieces
 10576 | Bazaar   | Bought a potion of heal wounds for 75 gold pieces
 10576 | Bazaar   | Bought a potion of heal wounds for 75 gold pieces
 10683 | D:11     | Found a frozen archway.
 10701 | IceCv    | Entered an ice cave
 10745 | IceCv    | Noticed a white ugly thing
 10764 | IceCv    | Killed a white ugly thing
 10765 | IceCv    | Reached skill level 14 in Maces & Flails
 11087 | IceCv    | Reached *** piety under the Shining One
 11092 | IceCv    | Reached skill level 10 in Fighting
 11096 | IceCv    | Slain by a dire elephant simulacrum

Illustrated notes

Levels and vault maps discovered:
D:1:      minmay_arrival_five_plusses, layout_basic,
          ebering_ecumenical_altar_mist, minmay_pentomino_r4
D:2:      layout_loops_ring, uniq_terence, uniq_natasha
D:3:      layout_basic, gammafunk_ghost_nasty_kobolds, uniq_jessica
D:4:      layout_basic, serial_shops, kennysheep_mini_moat, grunt_ministairs_11
D:5:      layout_basic, nicolae_qazlal_eye_of_the_storm,
          regret_index_kikubaaqudgha_part_by_part
D:6:      layout_rooms, minmay_temple_entry_purple_smoke, serial_shops,
          nicolae_stop_n_shop_2, lightli_sewer_entry_pipes, uniq_prince_ribbit1
D:7:      minmay_inner_zag, layout_loops_corners, gup_ossuary_entry_pyramid,
          minmay_crystal_room, minmay_misc_feat_ornament, st_stairs_7
D:8:      layout_loops_ring, nicolae_yredelemnul_ghost_church, serial_shops,
          nicolae_shop_rolled_up
D:9:      layout_loops_ring, nicolae_ru_great_annihilating_truth,
          gammafunk_temple_overflow_elements, erik_lair_island, minivault_27,
          uniq_jeremiah
D:10:     layout_roguey, mainiacjoe_overflow_catwalk
D:11:     layout_basic, david_orc_5, serial_shops, bzr_in_the_mist,
          portal_ice_cave_entry_pillars_1, hellmonk_ghost_big_iron, uniq_harold,
          uniq_erolcha, uniq_sonja, uniq_grum
Temple:   nicolae_temple_superstar
IceCv:    ice_cave_statue_garden_chambered

Skill      XL: |  1  2  3  4  5  6  7  8  9 10 11 |
---------------+----------------------------------+-----
Fighting       | 4 5 6 7 9 10 | 10.0
Shields        | 4 5 6 7 8 9 |  9.3
Armour         | 4 5 7 8 9 10 | 10.5
Maces & Flails | 3 4 5 7 9 11 13 14 | 14.0
Dodging        | 1 2 3 4 5 |  5.6
Stealth        | 1 |  1.5
Invocations    | 1 |  1.0

Action                     |  1- 3 |  4- 6 |  7- 9 | 10-12 || total
---------------------------+-------+-------+-------+-------++-------
  Melee: Flail             |    94 |    96 |   278 |   171 ||   639
         Headbutt          |    14 |    17 |    66 |   105 ||   202
         Mace              |       |       |       |   210 ||   210
 Invoke: Recite            |       |       |       |     1 ||     1
         Donate Gold       |       |       |       |     1 ||     1
         Divine Shield     |       |       |       |     1 ||     1
    Use: Scroll            |     4 |     4 |     4 |     9 ||    21
         Potion            |       |     1 |       |     3 ||     4
   Stab: Paralysed         |       |       |       |     1 ||     1
 Armour: Scale mail        |    78 |    71 |    40 |       ||   189
         Chain mail        |       |       |   129 |   322 ||   451
  Dodge: Dodged            |    47 |    44 |   110 |   150 ||   351
  Block: Buckler           |    25 |    27 |    79 |   104 ||   235
